AAA
BATON ROUGE BAYOU @ PORTSMOUTH ATLANTICS
05/12/2060
 
TOP OF THE 1ST
Baton Rouge Bayou batting - Pitching for Portsmouth Atlantics : RHP Detrick Belqola
Pitching: RHP Detrick Belqola
Batting: RHB Huston Cruz 0-0: Ball
1-0: Foul Ball, location: 2F
1-1: Ball
2-1: Ball
3-1: Swinging Strike
3-2: Foul Ball, location: 2F
3-2: Strikes out looking
Batting: LHB Devin Kee 0-0: Called Strike
0-1: Foul Ball, location: 2F
0-2: Ball
1-2: Strikes out swinging
Batting: LHB Jon MacKinnon 0-0: Called Strike
0-1: Swinging Strike
0-2: Ball
1-2: Strikes out swinging
Top of the 1st over - 0 runs, 0 hits, 0 errors, 0 left on base; Baton Rouge 0 - Portsmouth 0
BOTTOM OF THE 1ST
Portsmouth Atlantics batting - Pitching for Baton Rouge Bayou : RHP Casey Fish
Pitching: RHP Casey Fish
Batting: RHB Kris McKay 0-0: DOUBLE (Line Drive, 5D, EV 96.9 MPH)
Batting: RHB Jericho Gurgenidze 0-0: Called Strike
0-1: Ball
1-1: Foul Ball, location: 2F
1-2: Foul Ball, location: 2F
1-2: Ball
2-2: Foul Ball, location: 2F
2-2: Strikes out swinging
Batting: LHB Samir Zogjani 0-0: Ball
1-0: Foul Ball, location: 2F
1-1: Foul Ball, location: 2F
1-2: Foul Ball, location: 2F
1-2: Ball
2-2: Ball
3-2: Base on Balls
Batting: SHB Semaj Ramirez 0-0: Ball
1-0: Ball
2-0: Foul Ball, location: 2F
2-1: Ball
3-1: Foul Ball, location: 2F
3-2: Base on Balls
Kris McKay to third
Samir Zogjani to second
Batting: RHB Jayson Hart 0-0: Swinging Strike
0-1: Ball
1-1: Fly out, F7 (Flyball, 7, EV 84.4 MPH)
Batting: SHB Henry Dunbar 0-0: Called Strike
0-1: Called Strike
0-2: Strikes out swinging
Bottom of the 1st over - 0 runs, 1 hit, 0 errors, 3 left on base; Baton Rouge 0 - Portsmouth 0
TOP OF THE 2ND
Baton Rouge Bayou batting - Pitching for Portsmouth Atlantics : RHP Detrick Belqola
Batting: LHB Kemper Small 0-0: Called Strike
0-1: Ball
1-1: Swinging Strike
1-2: Ball
2-2: Foul Ball, location: 2F
2-2: Strikes out swinging
Batting: RHB Nathan Stiso 0-0: Called Strike
0-1: Foul Ball, location: 2F
0-2: Ball
1-2: Strikes out looking
Batting: RHB Jeremie Holzschuh 0-0: Called Strike
0-1: Called Strike
0-2: Fly out, F7 (Flyball, 7D, EV 92.5 MPH)
Top of the 2nd over - 0 runs, 0 hits, 0 errors, 0 left on base; Baton Rouge 0 - Portsmouth 0
BOTTOM OF THE 2ND
Portsmouth Atlantics batting - Pitching for Baton Rouge Bayou : RHP Casey Fish
Batting: RHB Justen Brown 0-0: Ball
1-0: Ball
2-0: Foul Ball, location: 2F
2-1: Foul Ball, location: 2F
2-2: Foul Ball, location: 2F
2-2: SINGLE (Groundball, 25, EV 70.0 MPH) (infield hit)
Batting: RHB Liam Walker 0-0: Ball
1-0: Foul Ball, location: 2F
1-1: Ground out 4-3 (Groundball, 34, EV 106.9 MPH)
Justen Brown to second
Batting: RHB Darius Brown 0-0: Ball
1-0: Foul Ball, location: 2F
1-1: Foul Ball, location: 2F
1-2: SINGLE (Groundball, 6MD, EV 100.0 MPH)
Justen Brown to third
Runner from 3rd tries for Home, SAFE, throw by CF to home
Batting: RHB Kris McKay 0-0: Grounds into double play, 6-4-3 (Groundball, 6, EV 88.1 MPH)
Bottom of the 2nd over - 1 run, 2 hits, 0 errors, 0 left on base; Baton Rouge 0 - Portsmouth 1
TOP OF THE 3RD
Baton Rouge Bayou batting - Pitching for Portsmouth Atlantics : RHP Detrick Belqola
Batting: RHB Tripp Kalifetona 0-0: Called Strike
0-1: Ball
1-1: Ball
2-1: Ball
3-1: Ground out 5-3 (Groundball, 56, EV 85.0 MPH)
Batting: RHB Justin Greene 0-0: Ball
1-0: Swinging Strike
1-1: Ball
2-1: Swinging Strike
2-2: Strikes out looking
Batting: RHB James Wilson 0-0: Foul Ball, location: 2F
0-1: SINGLE (Line Drive, 78S, EV 108.1 MPH)
Batting: RHB Huston Cruz 0-0: Fielders Choice at 2nd, 6-4 (Groundball, 6, EV 86.2 MPH)
Top of the 3rd over - 0 runs, 1 hit, 0 errors, 1 left on base; Baton Rouge 0 - Portsmouth 1
BOTTOM OF THE 3RD
Portsmouth Atlantics batting - Pitching for Baton Rouge Bayou : RHP Casey Fish
Batting: RHB Jericho Gurgenidze 0-0: Foul Ball, location: 2F
0-1: Fly out, F6 (Line Drive, 6, EV 66.9 MPH)
Batting: LHB Samir Zogjani 0-0: Called Strike
0-1: Called Strike
0-2: Ball
1-2: SINGLE (Groundball, 34D, EV 103.1 MPH)
Batting: SHB Semaj Ramirez 0-0: Ball
1-0: Ball
2-0: Swinging Strike
2-1: Called Strike
2-2: Foul Ball, location: 2F
2-2: Foul Ball, location: 2F
2-2: Ball
3-2: Grounds out, U3 (Groundball, 3L, EV 89.4 MPH)
Batting: RHB Jayson Hart 0-0: Ball
1-0: Fly out, F9 (Line Drive, 9S, EV 92.5 MPH)
Bottom of the 3rd over - 0 runs, 1 hit, 0 errors, 1 left on base; Baton Rouge 0 - Portsmouth 1
TOP OF THE 4TH
Baton Rouge Bayou batting - Pitching for Portsmouth Atlantics : RHP Detrick Belqola
Batting: LHB Devin Kee 0-0: Called Strike
0-1: Fly out, F8 (Flyball, 8RD, EV 89.4 MPH)
Batting: LHB Jon MacKinnon 0-0: Foul Ball, location: 2F
0-1: Swinging Strike
0-2: Foul Ball, location: 2F
0-2: SOLO HOME RUN (Flyball, 9D, EV 111.2 MPH), Distance : 413 ft
Batting: LHB Kemper Small 0-0: Foul Ball, location: 2F
0-1: Ball
1-1: Foul Ball, location: 2F
1-2: Foul Ball, location: 2F
1-2: Ball
2-2: Ball
3-2: Reached on error, E7 (Flyball, 7D, EV 89.4 MPH)
Batting: RHB Nathan Stiso 0-0: Called Strike
0-1: Ball
1-1: Called Strike
1-2: Ball
2-2: Strikes out looking
Batting: RHB Jeremie Holzschuh 0-0: SINGLE (Line Drive, 8LM, EV 86.9 MPH)
Kemper Small to third
Runner from 3rd tries for Home, throw by CF and OUT! 8-2
Top of the 4th over - 1 run, 2 hits, 1 error, 1 left on base; Baton Rouge 1 - Portsmouth 1
BOTTOM OF THE 4TH
Portsmouth Atlantics batting - Pitching for Baton Rouge Bayou : RHP Casey Fish
Batting: SHB Henry Dunbar 0-0: Ball
1-0: Ball
2-0: Foul Ball, location: 2F
2-1: Ground out 1-3 (Groundball, 34S, EV 67.5 MPH)
Batting: RHB Justen Brown 0-0: Swinging Strike
0-1: Ground out 5-3 (Groundball, 5, EV 103.1 MPH)
Batting: RHB Liam Walker 0-0: Ball
1-0: Ball
2-0: Ball
3-0: Called Strike
3-1: Called Strike
3-2: Strikes out looking
Bottom of the 4th over - 0 runs, 0 hits, 0 errors, 0 left on base; Baton Rouge 1 - Portsmouth 1
TOP OF THE 5TH
Baton Rouge Bayou batting - Pitching for Portsmouth Atlantics : RHP Detrick Belqola
Batting: RHB Tripp Kalifetona 0-0: Ground out 6-3 (Groundball, 6, EV 107.5 MPH)
Batting: RHB Justin Greene 0-0: Swinging Strike
0-1: Swinging Strike
0-2: Ball
1-2: Foul Ball, location: 2F
1-2: Ball
2-2: Foul Ball, location: 2F
2-2: Ball
3-2: DOUBLE (Flyball, 8RD, EV 102.5 MPH)
Batting: RHB James Wilson 0-0: Fly out, F4 (Popup, 34, EV 73.8 MPH)
Pitching: RHP Tucker Keith
Batting: RHB Huston Cruz 0-0: Called Strike
0-1: Ball
1-1: SINGLE (Groundball, 15S, EV 65.0 MPH) (infield hit)
Justin Greene to third
Batting: LHB Devin Kee 0-0: Ball
1-0: Foul Ball, location: 2F
1-1: Called Strike
1-2: Ball
2-2: Strikes out looking
Top of the 5th over - 0 runs, 2 hits, 0 errors, 2 left on base; Baton Rouge 1 - Portsmouth 1
BOTTOM OF THE 5TH
Portsmouth Atlantics batting - Pitching for Baton Rouge Bayou : RHP Casey Fish
Batting: RHB Darius Brown 0-0: Ball
1-0: Ball
2-0: Called Strike
2-1: Ball
3-1: SINGLE (Line Drive, 9S, EV 107.5 MPH)
Batting: RHB Kris McKay 0-0: Ball
1-0: Called Strike
1-1: Foul Ball, location: 2F
1-2: Strikes out swinging
Batting: RHB Jericho Gurgenidze 0-0: Called Strike
0-1: Grounds into double play, 1-6-3 (Groundball, 13S, EV 68.1 MPH)
Bottom of the 5th over - 0 runs, 1 hit, 0 errors, 0 left on base; Baton Rouge 1 - Portsmouth 1
TOP OF THE 6TH
Baton Rouge Bayou batting - Pitching for Portsmouth Atlantics : RHP Tucker Keith
Batting: LHB Jon MacKinnon 0-0: Ball
1-0: Ball
2-0: Ball
3-0: Base on Balls
Batting: LHB Kemper Small 0-0: Called Strike
0-1: Swinging Strike
0-2: Foul Ball, location: 2F
0-2: Fly out, F6 (Popup, 6MD, EV 74.4 MPH)
Batting: RHB Nathan Stiso 0-0: Foul Ball, location: 2F
0-1: Ball
1-1: Ball
2-1: Foul Ball, location: 2F
2-2: Fly out, F8 (Flyball, 8RXD, EV 90.6 MPH)
Batting: RHB Jeremie Holzschuh 0-0: Called Strike
0-1: Ball
1-1: Fly out, F5 (Line Drive, 5L, EV 75.6 MPH)
Top of the 6th over - 0 runs, 0 hits, 0 errors, 1 left on base; Baton Rouge 1 - Portsmouth 1
BOTTOM OF THE 6TH
Portsmouth Atlantics batting - Pitching for Baton Rouge Bayou : RHP Casey Fish
Batting: LHB Samir Zogjani 0-0: Foul Ball, location: 2F
0-1: Ball
1-1: Called Strike
1-2: Ball
2-2: Ground out 3-1 (Groundball, 34S, EV 80.0 MPH)
Batting: SHB Semaj Ramirez 0-0: Ball
1-0: SINGLE (Line Drive, 8LS, EV 105.0 MPH)
Batting: RHB Jayson Hart 0-0: Called Strike
0-1: Foul Ball, location: 2F
0-2: Ball
1-2: Strikes out looking
Pitching: LHP Dave Childers
Batting: SHB Henry Dunbar 0-0: Ball
1-0: Fielders Choice at 2nd, 6-4 (Groundball, 6, EV 91.9 MPH)
Bottom of the 6th over - 0 runs, 1 hit, 0 errors, 1 left on base; Baton Rouge 1 - Portsmouth 1
TOP OF THE 7TH
Baton Rouge Bayou batting - Pitching for Portsmouth Atlantics : RHP Tucker Keith
Batting: RHB Tripp Kalifetona 0-0: Ground out 5-3 (Groundball, 56, EV 96.9 MPH)
Batting: RHB Justin Greene 0-0: Fly out, F9 (Flyball, 9, EV 75.0 MPH)
Batting: RHB James Wilson 0-0: Called Strike
0-1: SINGLE (Groundball, 4D, EV 95.6 MPH)
Batting: RHB Huston Cruz 0-0: Ball
1-0: Called Strike
1-1: Ball
2-1: Foul Ball, location: 2F
2-2: SINGLE (Line Drive, 8LS, EV 94.4 MPH)
James Wilson to second
Runner from 2nd tries for 3rd, SAFE, throw by CF made to third
Batting: LHB Devin Kee 0-0: Swinging Strike
0-1: Foul Ball, location: 2F
0-2: Ball
1-2: Ball
2-2: Ball
3-2: Ground out U3 (Groundball, 3, EV 93.1 MPH)
Top of the 7th over - 0 runs, 2 hits, 0 errors, 2 left on base; Baton Rouge 1 - Portsmouth 1
BOTTOM OF THE 7TH
Portsmouth Atlantics batting - Pitching for Baton Rouge Bayou : LHP Dave Childers
Batting: RHB Justen Brown 0-0: Called Strike
0-1: Swinging Strike
0-2: Ground out 6-3 (Groundball, 6M, EV 88.8 MPH)
Batting: RHB Liam Walker 0-0: Called Strike
0-1: Ball
1-1: Ball
2-1: Foul Ball, location: 2F
2-2: Foul Ball, location: 2F
2-2: Ball
3-2: SINGLE (Groundball, 56D, EV 95.6 MPH)
Batting: RHB Darius Brown 0-0: Called Strike
0-1: Ball
1-1: Called Strike
Liam Walker steals 2nd, throwing error, E2
Liam Walker to third
1-2: Strikes out swinging
Batting: RHB Kris McKay 0-0: Called Strike
0-1: Called Strike
0-2: Ball
1-2: Foul Ball, location: 2F
1-2: Ball
2-2: SINGLE (Line Drive, 4D, EV 108.8 MPH)
Liam Walker scores
Batting: RHB Jericho Gurgenidze 0-0: Ball
1-0: Foul Ball, location: 2F
1-1: Foul Ball, location: 2F
1-2: Ball
2-2: Ground out 4-3 (Groundball, 34D, EV 83.8 MPH)
Bottom of the 7th over - 1 run, 2 hits, 1 error, 1 left on base; Baton Rouge 1 - Portsmouth 2
TOP OF THE 8TH
Baton Rouge Bayou batting - Pitching for Portsmouth Atlantics : RHP Tucker Keith
Batting: LHB Jon MacKinnon 0-0: Called Strike
0-1: Ball
1-1: Ball
2-1: SOLO HOME RUN (Flyball, 9LD, EV 95.6 MPH), Distance : 342 ft
Batting: LHB Kemper Small 0-0: Called Strike
0-1: SINGLE (Line Drive, 6D, EV 97.5 MPH)
Batting: RHB Nathan Stiso 0-0: Ball
1-0: Swinging Strike
1-1: Foul Ball, location: 2F
1-2: Fly out, F9 (Flyball, 89M, EV 93.8 MPH)
Batting: RHB Jeremie Holzschuh 0-0: Swinging Strike
0-1: Swinging Strike
0-2: Fly out, F8 (Flyball, 8RD, EV 109.4 MPH)
Pinch Hitting: SHB Rob French 0-0: Ball
1-0: Ball
2-0: Called Strike
2-1: Foul Ball, location: 2F
2-2: Ball
3-2: Foul Ball, location: 2F
3-2: SINGLE (Groundball, 6MD, EV 95.6 MPH)
Kemper Small to second
Kemper Small to third
Batting: RHB Justin Greene 0-0: Ball
1-0: Ball
2-0: Called Strike
2-1: Ball
3-1: Called Strike
3-2: Base on Balls
Rob French to second
Batting: RHB James Wilson 0-0: Fly out, F4 (Line Drive, 4, EV 65.0 MPH)
Top of the 8th over - 1 run, 3 hits, 0 errors, 3 left on base; Baton Rouge 2 - Portsmouth 2
BOTTOM OF THE 8TH
Portsmouth Atlantics batting - Pitching for Baton Rouge Bayou : LHP Dave Childers
Pitching: LHP Derek Royalty
Now at 2B: James Wilson
Now at 3B: Rob French
Pinch Hitting: RHB Chase Hagarty 0-0: Ball
1-0: Called Strike
1-1: Ball
2-1: Foul Ball, location: 2F
2-2: Ball
3-2: Fly out, F7 (Flyball, 78S, EV 89.4 MPH)
Batting: SHB Semaj Ramirez 0-0: Ball
1-0: Ball
2-0: Ball
3-0: Called Strike
3-1: Ground out 5-3 (Groundball, 15, EV 93.8 MPH)
Batting: RHB Jayson Hart 0-0: Called Strike
0-1: Called Strike
0-2: Ball
1-2: SINGLE (Flyball, 8LS, EV 90.0 MPH)
Batting: SHB Henry Dunbar 0-0: Ball
1-0: Ball
2-0: Called Strike
2-1: Ball
3-1: Called Strike
3-2: Base on Balls
Jayson Hart to second
Batting: RHB Justen Brown 0-0: Swinging Strike
0-1: Ball
1-1: Swinging Strike
1-2: Strikes out swinging
Bottom of the 8th over - 0 runs, 1 hit, 0 errors, 2 left on base; Baton Rouge 2 - Portsmouth 2
TOP OF THE 9TH
Baton Rouge Bayou batting - Pitching for Portsmouth Atlantics : RHP Tucker Keith
Pitching: RHP Samuel Holroyd
Now in LF: Chance Stuckey
Batting: RHB Huston Cruz 0-0: Ball
1-0: SINGLE (Groundball, 3S, EV 73.8 MPH) (infield hit)
Batting: LHB Devin Kee 0-0: Bunted foul
0-1: Sac Bunt to 3S - play at first, batter safe!
Huston Cruz to second
Batting: LHB Jon MacKinnon 0-0: Called Strike
0-1: Swinging Strike
0-2: Ball
1-2: Strikes out swinging
Batting: LHB Kemper Small 0-0: Ball
1-0: Foul Ball, location: 2F
1-1: SINGLE (Line Drive, 78S, EV 105.6 MPH)
Huston Cruz to third
Devin Kee to second
Batting: RHB Nathan Stiso 0-0: Called Strike
0-1: Ball
1-1: Grounds into fielders choice 5-2 (Groundball, 56, EV 87.5 MPH)
Devin Kee to third
Kemper Small to second
Batting: RHB Jeremie Holzschuh 0-0: Fly out, F7 (Flyball, 7, EV 79.4 MPH)
Top of the 9th over - 0 runs, 3 hits, 0 errors, 3 left on base; Baton Rouge 2 - Portsmouth 2
BOTTOM OF THE 9TH
Portsmouth Atlantics batting - Pitching for Baton Rouge Bayou : LHP Derek Royalty
Batting: RHB Liam Walker 0-0: Ball
1-0: SINGLE (Line Drive, 89M, EV 96.9 MPH)
Batting: RHB Darius Brown 0-0: Ball
1-0: Ball
2-0: DOUBLE (Line Drive, 9LM, EV 106.2 MPH)
Liam Walker to third
Batting: RHB Kris McKay 0-0: Called Strike
0-1: Fielders Choice at home, 3-2 (Groundball, 3, EV 89.4 MPH)
Darius Brown to third
Pitching: LHP Ike Dotson
Batting: RHB Jericho Gurgenidze 0-0: Fly out, F7 (Flyball, 78S, EV 88.8 MPH)
Batting: RHB Chance Stuckey 0-0: Fielders Choice at 2nd, 6-4 (Groundball, 6, EV 80.6 MPH)
Bottom of the 9th over - 0 runs, 2 hits, 0 errors, 2 left on base; Baton Rouge 2 - Portsmouth 2
TOP OF THE 10TH
Baton Rouge Bayou batting - Pitching for Portsmouth Atlantics : RHP Samuel Holroyd
Pitching: RHP Mike Vandygriff
Batting: SHB Rob French 0-0: Ball
1-0: Foul Ball, location: 2F
1-1: Foul Ball, location: 2F
1-2: Ball
2-2: Strikes out swinging
Batting: RHB Justin Greene 0-0: Foul Ball, location: 2F
0-1: Foul Ball, location: 2F
0-2: Ball
1-2: Ball
2-2: SINGLE (Line Drive, 89M, EV 91.2 MPH)
Batting: RHB James Wilson 0-0: Grounds into double play, 4-6-3 (Groundball, 4M, EV 85.6 MPH)
Top of the 10th over - 0 runs, 1 hit, 0 errors, 0 left on base; Baton Rouge 2 - Portsmouth 2
BOTTOM OF THE 10TH
Portsmouth Atlantics batting - Pitching for Baton Rouge Bayou : LHP Ike Dotson
Batting: SHB Semaj Ramirez 0-0: Called Strike
0-1: Ball
1-1: Fly out, F8 (Flyball, 8LM, EV 77.5 MPH)
Batting: RHB Jayson Hart 0-0: Ball
1-0: Reached on error, E6 (Groundball, 56, EV 80.6 MPH)
Batting: SHB Henry Dunbar 0-0: Swinging Strike
0-1: Swinging Strike
0-2: Ball
1-2: Foul Ball, location: 2F
1-2: Foul Ball, location: 2F
1-2: Ball
2-2: Strikes out swinging
Batting: RHB Justen Brown 0-0: Fly out, F9 (Flyball, 9, EV 96.2 MPH)
Bottom of the 10th over - 0 runs, 0 hits, 1 error, 1 left on base; Baton Rouge 2 - Portsmouth 2
TOP OF THE 11TH
Baton Rouge Bayou batting - Pitching for Portsmouth Atlantics : RHP Mike Vandygriff
Batting: RHB Huston Cruz 0-0: Called Strike
0-1: Foul Ball, location: 2F
0-2: Ball
1-2: Strikes out swinging
Batting: LHB Devin Kee 0-0: Foul Ball, location: 2F
0-1: Ball
1-1: Ball
2-1: Ball
3-1: Base on Balls
Batting: LHB Jon MacKinnon 0-0: Ball
1-0: SINGLE (Groundball, 13, EV 88.8 MPH) (infield hit)
Devin Kee to second
Batting: LHB Kemper Small 0-0: Called Strike
0-1: Ball
1-1: Foul Ball, location: 2F
1-2: Strikes out swinging
Batting: RHB Nathan Stiso 0-0: SINGLE (Line Drive, 4MD, EV 96.9 MPH)
Devin Kee to third
Jon MacKinnon to second
Runner from 3rd tries for Home, throw by CF and OUT! 8-2
Top of the 11th over - 0 runs, 2 hits, 0 errors, 2 left on base; Baton Rouge 2 - Portsmouth 2
BOTTOM OF THE 11TH
Portsmouth Atlantics batting - Pitching for Baton Rouge Bayou : LHP Ike Dotson
Batting: RHB Liam Walker 0-0: Called Strike
0-1: Called Strike
0-2: Ball
1-2: Strikes out swinging
Batting: RHB Darius Brown 0-0: Swinging Strike
0-1: Called Strike
0-2: Ball
1-2: Foul Ball, location: 2F
1-2: Strikes out swinging
Batting: RHB Kris McKay 0-0: Called Strike
0-1: Foul Ball, location: 2F
0-2: SINGLE (Groundball, 6D, EV 101.2 MPH)
Batting: RHB Jericho Gurgenidze 0-0: Fly out, F8 (Flyball, 8LS, EV 75.6 MPH)
Bottom of the 11th over - 0 runs, 1 hit, 0 errors, 1 left on base; Baton Rouge 2 - Portsmouth 2
TOP OF THE 12TH
Baton Rouge Bayou batting - Pitching for Portsmouth Atlantics : RHP Mike Vandygriff
Pinch Hitting: LHB Isaac Allen 0-0: Ball
1-0: Called Strike
1-1: Called Strike
1-2: Fly out, F7 (Flyball, 7LM, EV 101.9 MPH)
Batting: SHB Rob French 0-0: Swinging Strike
0-1: Foul Ball, location: 2F
0-2: Ball
1-2: Ball
2-2: DOUBLE (Line Drive, 9LM, EV 107.5 MPH)
Batting: RHB Justin Greene 0-0: Ball
1-0: Called Strike
1-1: Ball
2-1: Ball
3-1: Called Strike
3-2: Foul Ball, location: 2F
3-2: Base on Balls
Batting: RHB James Wilson 0-0: Called Strike
0-1: Foul Ball, location: 2F
0-2: Foul Ball, location: 2F
0-2: SINGLE (Line Drive, 8LS, EV 90.0 MPH)
Rob French to third
Justin Greene to second
Runner from 3rd tries for Home, SAFE, throw by CF to home
Batting: RHB Huston Cruz 0-0: Ball
1-0: Called Strike
1-1: Swinging Strike
1-2: Ball
2-2: Ball
3-2: Base on Balls
Justin Greene to third
James Wilson to second
Pitching: RHP Joshua Businelle
Batting: LHB Devin Kee 0-0: Ball
1-0: Ball
2-0: Called Strike
2-1: Foul Ball, location: 2F
2-2: Ball
3-2: Foul Ball, location: 2F
3-2: Foul Ball, location: 2F
3-2: TRIPLE (Flyball, 89XD, EV 97.5 MPH)
Justin Greene scores
James Wilson scores
Huston Cruz scores
Batting: LHB Jon MacKinnon 0-0: Called Strike
0-1: Swinging Strike
0-2: Strikes out swinging
Batting: LHB Kemper Small 0-0: Ball
1-0: DOUBLE (Flyball, 89XD, EV 108.1 MPH)
Devin Kee scores
Batting: RHB Nathan Stiso 0-0: Reached on error, E4 (Groundball, 4, EV 105.6 MPH)
Kemper Small to third
Batting: LHB Isaac Allen 0-0: Called Strike
0-1: Called Strike
0-2: Foul Ball, location: 2F
0-2: Fly out, F6 (Line Drive, 6, EV 71.9 MPH)
Top of the 12th over - 5 runs, 4 hits, 1 error, 2 left on base; Baton Rouge 7 - Portsmouth 2
BOTTOM OF THE 12TH
Portsmouth Atlantics batting - Pitching for Baton Rouge Bayou : LHP Ike Dotson
Now at C: Garret Richards
Batting: RHB Chance Stuckey 0-0: Ball
1-0: Fly out, F8 (Flyball, 89M, EV 96.9 MPH)
Batting: SHB Semaj Ramirez 0-0: Ball
1-0: Foul Ball, location: 2F
1-1: Ball
2-1: Foul Ball, location: 2F
2-2: Strikes out swinging
Batting: RHB Jayson Hart 0-0: Fly out, F8 (Flyball, 8RXD, EV 106.9 MPH)
Bottom of the 12th over - 0 runs, 0 hits, 0 errors, 0 left on base; Baton Rouge 7 - Portsmouth 2
Monday, April 29th , 2024 - OOTP Baseball 23.10 Build 110